 Dungeon Crawl Stone Soup version 0.17.0-7-gfadd4cc (webtiles) character file.

230 oplop the Sneak (level 6, 0/30 HPs)
             Began as a Vine Stalker Assassin on Nov 8, 2015.
             Killed from afar by Duvessa (7 damage)
             ... with a wand of flame
             ... on level 4 of the Dungeon.
             The game lasted 00:04:43 (2762 turns).

oplop the Sneak (Vine Stalker Assassin)             Turns: 2762, Time: 00:04:43

Health: 0/30       AC:  4    Str: 14    XL:     6   Next: 3%
Magic:  0/7        EV: 13    Int: 11    God:
Gold:   196        SH:  0    Dex: 22    Spells: 0 memorised, 5 levels left

rFire  . . .     SeeInvis .     B - +1 rapier (elec)
rCold  . . .     Clarity  .     t - +0 robe (curse)
rNeg   . . .     SustAt   .     (no shield)
rPois  .         Gourm    .     (no helmet)
rElec  .         Spirit   +     p - +0 cloak
rCorr  .         Warding  .     h - +0 pair of gloves
rMut   .         Stasis   .     (no boots)
MR     .....                    (no amulet)
Stlth  ++++......               (no ring)
                                n - +5 ring of dexterity

@: about to teleport, flying, not resistant to hostile enchantments, stealthy
A: fangs 2, regeneration 2, magic shield, antimagic bite, no device heal 3, rot
immunity
a: no special abilities


You were on level 4 of the Dungeon.
You were not hungry.

You visited 1 branch of the dungeon, and saw 4 of its levels.

You collected 300 gold pieces.
You spent 104 gold pieces at shops.

Inventory:

Hand Weapons
 a - a +2 dagger
 b - a +0 blowgun
 B - a +1 rapier of electrocution (weapon)
Missiles
 d - 8 javelins (quivered)
 e - 7 poisoned needles
 f - 2 curare-tipped needles
Armour
 h - a +0 pair of gloves (worn)
 p - a +0 cloak (worn)
 t - a cursed +0 robe (worn)
Jewellery
 n - a +5 ring of dexterity (left hand)
Wands
 A - a wand of random effects (27)
Scrolls
 i - 3 scrolls of fear {unknown}
 l - a scroll of recharging {unknown}
 o - 4 scrolls of identify {unknown}
 q - 6 scrolls of remove curse {unknown}
 r - 2 scrolls of teleportation
 v - a scroll of blinking {unknown}
 x - 2 scrolls of fog {unknown}
 y - a scroll of enchant armour {unknown}
Potions
 c - 3 potions of curing {unknown}
 j - a potion of flight
 m - a potion of heal wounds {unknown}
 u - a potion of ambrosia {unknown}
Comestibles
 g - a bread ration
 k - 2 meat rations
 w - a slice of pizza
 z - 6 chunks of flesh


   Skills:
 - Level 1.7 Fighting
 + Level 3.6 Short Blades
 - Level 1.7 Throwing
 + Level 2.4 Dodging
 + Level 6.5 Stealth


You had 5 spell levels left.
You didn't know any spells.

Dungeon Overview and Level Annotations

Branches:
Dungeon (4/15)
 Temple: D:4-7

Altars:
Dithmenos
Sif Muna

Shops:
D:4 (

Portals:
Sewer: D:4

Annotations:
D:4 Dowan, Duvessa


Innate Abilities, Weirdness & Mutations

You have extremely sharp teeth.
You heal very quickly.
When hurt, damage is shared between your health and your magic reserves.
Your bite disrupts and absorbs the magic of your enemies.
Potions and wands cannot restore your health.
You are immune to rotting.


Message History

Dowan is lightly wounded.
Duvessa zaps a wand.
The puff of flame hits you!
It is a wand of flame.
Read which item? (? for menu, Esc to quit)
As you read the scroll labeled QAMELLI WYMIA, it crumbles to dust.
You feel forgetful for a moment.
It was a scroll of amnesia.
Dowan casts a spell at Duvessa.
Duvessa seems to speed up.
Read which item? (? for menu, Esc to quit)
As you read the scroll labeled IFYINE CYSUPA, it crumbles to dust.
You feel strangely unstable.
It was a scroll of teleportation.
Dowan casts a spell at you.
You easily resist.
Duvessa zaps a wand.
The puff of flame hits you!
* * * LOW HITPOINT WARNING * * *
Drink which item? (? for menu, Esc to quit)
It was a potion of flight.
You feel very buoyant.
You fly up into the air.
Duvessa says, "When magic and the sword combine, nothing stands against them."
Duvessa zaps a wand.
The puff of flame hits you!
You die...

#.########.#
#.....####.#
#####....#.# #
####.#.# # ##...##
#######.....#
##......###.#
##.....####.#######
##....####......@e#
#.........######e##
#....###### #..#
#....# ##.## #....#
#########..# ###..#
#..........# #..#
#...e.†....# ....
.....≈≈≈....# ....
....≈≈≈≈≈...#


You could see Duvessa and Dowan.

Vanquished Creatures
  2 orc priests (D:4)
  An orc wizard (D:4)
  6 adders
  An adder skeleton (D:4)
  3 worms
  A giant gecko (D:3)
  5 orcs (D:3)
  10 hobgoblins
  8 kobolds
  4 ball pythons
  12 bats
  3 giant cockroaches
  A giant gecko skeleton (D:4)
  4 giant newts
  9 goblins
  7 rats
77 creatures vanquished.

Notes
Turn   | Place    | Note
--------------------------------------------------------------
     0 | D:1      | oplop the Vine Stalker Assassin began the quest for the Orb.
     0 | D:1      | Reached XP level 1. HP: 11/11 MP: 2/2
    96 | D:1      | Reached skill level 1 in Dodging
   137 | D:1      | Reached skill level 5 in Stealth
   147 | D:1      | Reached XP level 2. HP: 15/15 MP: 3/3
   353 | D:1      | Reached XP level 3. HP: 18/18 MP: 2/4
   669 | D:2      | Found a shadowy altar of Dithmenos.
   999 | D:2      | Reached XP level 4. HP: 23/23 MP: 5/5
  1559 | D:2      | Found a deep blue altar of Sif Muna.
  2237 | D:3      | Reached XP level 5. HP: 26/26 MP: 6/6
  2418 | D:3      | Reached skill level 6 in Stealth
  2629 | D:4      | Gained mutation: You heal very quickly. [Vine Stalker growth]
  2629 | D:4      | Reached XP level 6. HP: 4/30 MP: 1/7
  2677 | D:4      | Found Gashod's Antique Weapon Shoppe.
  2684 | D:4      | Bought a glowing rapier for 104 gold pieces
  2740 | D:4      | Found a glowing drain.
  2742 | D:4      | Noticed Dowan
  2743 | D:4      | Noticed Duvessa
  2762 | D:4      | Killed from afar by Duvessa

Action                   |  1- 3 |  4- 6 || total
-------------------------+-------+-------++-------
Melee: Dagger            |    85 |   124 ||   209
       Rapier            |       |     4 ||     4
 Fire: Blowgun           |    10 |     9 ||    19
  Use: Scroll            |       |     2 ||     2
       Potion            |       |     1 ||     1
 Stab: Sleeping          |    11 |     6 ||    17
  Eat: Chunk             |       |     6 ||     6
